 Dungeon Crawl Stone Soup version 0.30.0-30-g96aa6591b8 (webtiles) character file.

Game seed: 8860603190886144391

9091 AgateBread the Carver (level 11, -5/103 HPs)
             Began as an Armataur Warper on June 28, 2023.
             Was a Believer of Ashenzari.
             Slain by an orc warrior
             ... wielding a +0 battleaxe
              (13 damage)
             ... on level 10 of the Dungeon.
             The game lasted 01:13:34 (15805 turns).

AgateBread the Carver (Armataur Warper)            Turns: 15805, Time: 01:13:35

Health: -5/103     AC: 12    Str: 16    XL:     11   Next: 18%
Magic:  25/29      EV:  9    Int: 16    God:    Ashenzari [**....]
Gold:   219        SH:  6    Dex: 18    Spells: 16/22 levels left

rFire   . . .        N - +1 long sword (holy)
rCold   . . .        O - +0 buckler of Cremastomancy {Cun, Alch} (curse)
rNeg    . . .        A - +0 acid dragon scales
rPois   .            e - +0 helmet of the Fated Lifelessness {Elem, Range} (curse)
rElec   .            (no cloak)
rCorr   +            m - +2 pair of gloves "All-seeing Boredom" {Comp, Self} (curse)
SInv    +            (no barding)
Will    .....        (no amulet)
Stlth   +            i - +6 ring of dexterity
HPRegen 0.37/turn    q - ring of magical power
MPRegen 0.21/turn

%: roll
@: no status effects
A: large, rugged brown scales 3, deformed body, armoured tail, roll, long
tongue, awkward tongue
a: Renounce Religion, Shatter the Chains


You were on level 10 of the Dungeon.
You worshipped Ashenzari.
Ashenzari was pleased with you.
You visited 2 branches of the dungeon, and saw 11 of its levels.

You collected 430 gold pieces.
You spent 211 gold pieces at shops.

Inventory:

Hand Weapons
 a - a +0 falchion
 h - a +0 falchion
 j - a +2 flail of draining
 y - a +2 scimitar of flaming
 D - the +3 dagger of the Endless March {pain, rC+ MP+9 Dex+2}
   (You found it on level 6 of the Dungeon)

   Dex:       It affects your dexterity (+2).
   rC:        It protects you from cold.
   MP:        It affects your magic capacity (+9).
 I - a +3 falchion
 N - a +1 long sword of holy wrath (weapon)
 P - a +0 triple crossbow
 Y - a +0 scimitar
Missiles
 g - 62 poisoned darts
 p - 5 javelins
 u - 11 boomerangs
 V - 2 datura-tipped darts
Armour
 e - the cursed +0 helmet of the Fated Lifelessness (worn) {Elem, Range}
   (You bought it in a shop on level 6 of the Dungeon)

   It has a curse which improves the following skills: Elements: Fire Magic, Ice
   Magic, Air Magic and Earth Magic.
   Ranged Combat: Ranged Weapons and Throwing.
 m - the cursed +2 pair of gloves "All-seeing Boredom" (worn) {Comp, Self}
   (You found it on level 1 of the Dungeon)

   It has a curse which improves the following skills: Companions: Summonings
   and Necromancy.
   Introspection: Fighting and Spellcasting.
 A - +0 acid dragon scales (worn)
 G - a +0 chain mail
 O - the cursed +0 buckler of Cremastomancy (worn) {Cun, Alch}
   (You took it off a gnoll sergeant on level 7 of the Dungeon)

   It has a curse which improves the following skills: Cunning: Dodging and
   Stealth.
   Alchemy:   Poison Magic and Transmutations.
Magical Staves
 E - a staff of earth
 R - a staff of conjuration
Jewellery
 i - a +6 ring of dexterity (left hand)
 q - a ring of magical power (right hand)
 x - a +6 ring of dexterity
 W - a +5 ring of evasion
Wands
 d - a wand of flame (11)
 S - a wand of iceblast (18)
 T - a wand of quicksilver (7)
 U - a wand of charming (11)
 X - a wand of polymorph (1)
Scrolls
 b - a scroll of enchant weapon
 k - 2 scrolls of poison
 r - 4 scrolls of teleportation
 s - 3 scrolls of immolation
 v - a scroll of vulnerability
 C - a scroll of magic mapping
 H - 3 scrolls of fog
 L - 3 scrolls of identify
Potions
 c - 2 potions of ambrosia
 f - 2 potions of might
 l - a potion of resistance
 w - 2 potions of flight
 K - 2 potions of attraction
 M - a potion of brilliance


   Skills:
 - Level 8.0(9.1) Fighting
 + Level 8.1 Long Blades
 - Level 0.8(1.4) Throwing
 + Level 7.8 Armour
 - Level 1.3(2.1) Dodging
 + Level 6.0 Shields
 - Level 5.2(6.3) Spellcasting
 - Level 8.0 Translocations


You had 16 spell levels left.
You knew the following spells:

 Your Spells              Type           Power      Damage    Failure   Level
a - Blink                 Tloc           60%        N/A       1%          2
b - Manifold Assault      Tloc           30%        N/A       9%          4

Your spell library contained the following spells:

 Spells                   Type           Power      Damage    Failure   Level
 Lesser Beckoning         Tloc           60%        N/A       1%          2
 Teleport Other           Tloc           30%        N/A       2%          3
 Vhi's Electric Charge    Tloc/Air       36%        N/A       13%         3
 Magic Dart               Conj           20%        1d4       22%         1
 Call Imp                 Summ           10%        N/A       32%         2
 Ensorcelled Hibernation  Hex/Ice        10%        N/A       32%         2
 Passwall                 Tmut/Erth      4%         N/A       32%         2
 Poisonous Vapours        Pois/Air       10%        N/A       32%         2
 Mephitic Cloud           Conj/Pois/Air  5%         N/A       54%         3
 Swiftness                Air            5%         N/A       54%         3
 Freezing Cloud           Conj/Ice/Air   2%         6-21      99%         5


Dungeon Overview and Level Annotations

Branches:
Dungeon (10/15)            Temple (1/1) D:6            Lair (0/5) D:9
    Orc: D:9-12

Altars:
Ashenzari
Dithmenos
Elyvilon
Fedhas
Gozag
Hepliaklqana
Kikubaaqudgha
Makhleb
Nemelex Xobeh
Okawaru
Qazlal
Ru
Sif Muna
Trog
Uskayaw
Vehumet
Wu Jian
Xom
Yredelemnul
Zin

Shops:
D:4 =   D:5 (   D:6 [


Innate Abilities, Weirdness & Mutations

You are completely covered in rugged brown scales. (AC +3, +7% HP)
Armour fits poorly on your strangely shaped body.
You have a long armoured tail.
You roll when moving toward enemies. (Rampage)
Your long tongue fully drains potion bottles. (2x potion effects)
Your tongue gives you trouble enunciating. (1.5x scroll delay)


Message History

You hit the orc warrior.
You tail-slap the orc warrior, but do no damage.
The orc warrior is lightly wounded.
The orc warrior drinks a potion.
The orc warrior goes berserk!
The orc priest calls upon Beogh to heal the orc warrior.
The orc warrior's wounds heal themselves!
You barely miss the orc warrior. The orc warrior closely misses you.
The orc misses you.
You slash the orc warrior!
The orc warrior is lightly wounded.
The orc warrior hits you with a +0 battleaxe!
The orc barely misses you. The orc warrior closely misses you.
The orc priest calls upon Beogh to heal the orc warrior.
The orc warrior is healed somewhat.
You barely miss the orc warrior.
The orc warrior is lightly wounded.
The orc warrior hits you with a +0 battleaxe!
The orc hits you with a +0 flail.
You hit the orc warrior but do no damage.
The orc warrior is lightly wounded.
The orc warrior completely misses you. The orc warrior barely misses you.
You slash the orc warrior!
The orc warrior is moderately wounded.
The orc warrior hits you with a +0 battleaxe!
The orc priest drinks a potion.
The orc priest seems to grow stronger.
You are too injured to fight recklessly!
You are too injured to fight recklessly!
Unknown command.
Casting: Manifold Assault (dangerous; 9% risk of failure)
Press: ? - help, Q - select action, (/) - cycle Dir - look around, f - activate Space momentarily warps into an impossible shape!
You hit the orc warrior. You hit the orc. You slash the orc priest!
The orc warrior hits you with a +0 battleaxe!! x2
* * * LOW HITPOINT WARNING * * *
You block the orc wizard's attack.
The orc warrior rages.
The orc wizard misses you. The orc hits you but does no damage.
The orc warrior hits you with a +0 battleaxe!
You die...

.....##...# #......# #.
....####'####......# #.
...##.#...#.##.....## #
..##_.'.⌠.'._##.....# #
...##.#...#.##......#
*#
....####'####.......# *
##..# #...##........# *
##.####.##.........#
#..###.###....@..## * *
####.....# #...oo...# *
.........# ###.o....#**
,
.........####8.o8##...#
* * ....(......#.....#
##... *
.........#####..##*
*##. , * .........# *
..., * * , ........##
##..* ........# * ... *
* *


You could see an orc warrior (berserk), an orc priest (strong), an orc wizard
and an orc.

Vanquished Creatures
  2 two-headed ogres
  Maurice (D:9)
  Maggie (D:6)
  Prince Ribbit (D:7)
  2 wraiths (D:10)
  4 yaks
  A wyvern (D:9)
  2 wargs (D:9)
  5 water moccasins
  Duvessa (D:7)
  4 orc warriors
  4 black bears
  A sky beast (D:8)
  5 centaurs
  6 ogres
  A phantom (D:10)
  4 kobold brigands
  5 bullfrogs
  Blork the orc (D:6)
  A gnoll sergeant (D:7)
  12 scorpions
  5 wights (D:9)
  Dowan (D:7)
  A troll zombie (D:10)
  A killer bee (D:5)
  6 howler monkeys
  7 hounds
  6 jellies
  2 gnoll boudas
  5 orc priests
  2 sleepcaps
  4 iguanas
  Ijyb (D:4)
  9 orc wizards
  2 ogre zombies (D:10)
  8 adders
  8 gnolls
  A white imp (D:7)
  4 ufetubi
  3 worms
  32 orcs
  10 bats
  3 bat zombies (D:6)
  4 endoplasms
  4 giant cockroaches
  6 hobgoblins
  12 jackals
  A quokka (D:3)
  11 ball pythons
  5 frilled lizards
  11 goblins
  A goblin skeleton (D:10)
  A goblin zombie (D:10)
  A hobgoblin skeleton (D:10)
  A hobgoblin zombie (D:10)
  26 kobolds
  An orc skeleton (D:10)
  6 orc zombies (D:10)
  3 rats
  2 rat zombies (D:6)
  2 butterflies (D:5)
283 creatures vanquished.

Vanquished Creatures (collateral kills)
  2 gnolls
2 creatures vanquished.

Vanquished Creatures (others)
  A sky beast (D:7)
  A centaur (D:7)
  A gnoll (D:4)
3 creatures vanquished.

Grand Total: 288 creatures vanquished

Notes
Turn   | Place    | Note
-------+----------+-------------------------------------------
     0 | D:1      | AgateBread the Armataur Warper began the quest for the Orb.
     0 | D:1      | Reached XP level 1. HP: 18/18 MP: 3/3
   597 | D:1      | Reached XP level 2. HP: 25/25 MP: 4/4
   609 | D:1      | Found a faded altar of an unknown god.
  1045 | D:2      | Reached XP level 3. HP: 23/32 MP: 5/5
  1561 | D:2      | Reached XP level 4. HP: 36/39 MP: 6/6
  2669 | D:3      | Reached XP level 5. HP: 22/48 MP: 7/7
  2927 | D:4      | Learned a level 2 spell: Blink
  3401 | D:4      | Reached XP level 6. HP: 46/54 MP: 8/8
  3580 | D:4      | Reached skill level 5 in Armour
  3660 | D:4      | Learned a level 4 spell: Manifold Assault
  3683 | D:4      | Found Sefic's Jewellery Shop.
  3729 | D:4      | Noticed Ijyb
  3743 | D:4      | Killed Ijyb
  3751 | D:4      | Reached XP level 7. HP: 63/63 MP: 9/9
  4799 | D:5      | Entered Level 5 of the Dungeon
  5345 | D:5      | Reached skill level 5 in Fighting
  5345 | D:5      | Reached skill level 5 in Long Blades
  5660 | D:5      | Found a runed translucent door.
  5662 | D:5      | Found a runed translucent door.
  5704 | D:5      | Reached XP level 8. HP: 72/72 MP: 10/10
  5829 | D:5      | Found Tuss's Antique Weapon Shop.
  5838 | D:5      | Bought a long sword for 94 gold pieces
  6244 | D:5      | Reached skill level 5 in Translocations
  6387 | D:5      | HP: 3/74 [giant cockroach (1)]
  6389 | D:5      | HP: 1/75 [poisoned by a killer bee]
  6722 | D:6      | HP: 2/75 [acid (8)]
  6994 | D:6      | Reached XP level 9. HP: 34/83 MP: 11/11
  8369 | D:6      | Found Secsum's Antique Armour Shop.
  8410 | D:6      | Noticed Maggie
  8439 | D:6      | Killed Maggie
  8934 | D:6      | Found an ancient bone altar of Kikubaaqudgha.
  9049 | D:6      | Found a staircase to the Ecumenical Temple.
  9055 | Temple   | Entered the Ecumenical Temple
  9070 | Temple   | Became a worshipper of Ashenzari the Shackled
  9119 | D:6      | Identified the +3 dagger of the Endless March {pain, rC+
                  | MP+9 Dex+2}
  9134 | D:6      | Noticed Blork the orc
  9158 | D:6      | Killed Blork the orc
  9604 | D:6      | Bought a helmet for 117 gold pieces
  9627 | D:7      | Noticed Duvessa
  9627 | D:7      | Noticed Dowan
 10072 | D:7      | Killed Dowan
 10089 | D:7      | Killed Duvessa
 10285 | D:7      | Reached XP level 10. HP: 38/94 MP: 6/14
 10573 | D:7      | Noticed Prince Ribbit
 10599 | D:7      | Killed Prince Ribbit
 12257 | D:8      | Noticed a two-headed ogre
 12303 | D:8      | Reached skill level 1 in Shields
 12833 | D:7      | Reached * piety under Ashenzari
 13539 | D:8      | Killed a two-headed ogre
 13540 | D:8      | Reached skill level 5 in Spellcasting
 13990 | D:9      | Noticed Maurice
 14137 | D:10     | Entered Level 10 of the Dungeon
 14143 | D:10     | Reached ** piety under Ashenzari
 14315 | D:9      | Reached skill level 5 in Shields
 14325 | D:9      | Killed Maurice
 14442 | D:9      | Reached XP level 11. HP: 102/103 MP: 20/20
 14484 | D:9      | Found a staircase to the Lair.
 14858 | D:9      | Found a sacrificial altar of Ru.
 15122 | D:10     | Noticed a two-headed ogre
 15137 | D:10     | Killed a two-headed ogre
 15486 | D:10     | Found an iron altar of Okawaru.
 15632 | D:10     | Found a hazy altar of Hepliaklqana.
 15636 | D:10     | Found a bloodstained altar of Trog.
 15805 | D:10     | Slain by an orc warrior

Illustrated notes

Levels and vault maps discovered:
D:1:      tarquinn_simple_flora_water_c, layout_basic,
          hellmonk_ecumenical_altar_lost_god
D:2:      layout_loops_cross, serial_glass, glass_columns_c, glass_columns_b,
          due_unseen_surprise, minmay_strange_pillars, item_on_display_a
D:3:      layout_loops_ring, supply_closet_lemuel
D:4:      minmay_inner_zag, layout_basic, serial_shops, shop, uniq_ijyb
D:5:      lemuel_insect_pit, layout_loops_ring, serial_shops, shop,
          kennysheep_opposing_triangles
D:6:      layout_cave_pods, lemuel_zombie_altar_kikubaaqudgha,
          minmay_temple_entry_fiery, serial_shops,
          nicolae_shop_overgrown_old_shop, serial_park, serial_park_avenue1,
          serial_park_square2, serial_park_tiny_pond, serial_park_gazebo
          [serial_park_minivault_5x5_5], hangedman_decor_points, uniq_maggie,
          uniq_blork_the_orc
D:7:      cheibrodos_barr_body, layout_cave_pools, uniq_duvessa,
          uniq_prince_ribbit1
D:8:      layout_cave_pools, feat_on_display
D:9:      layout_cave_pools, nicolae_ru_awakened_eye, erik_lair_orcish_takeover,
          uniq_maurice
D:10:     layout_cave_pods, grunt_temple_overflow_diamond, minitemple,
          zombieorc2_lemuel, kennysheep_generic_room_13
Temple:   minmay_freezing_vapour_temple

Skill      XL: |  1  2  3  4  5  6  7  8  9 10 11 |
---------------+----------------------------------+-----
Fighting       | 2 3 4 5 6 7 8 |  8.0
Long Blades    | 2 3 4 5 6 7 8 |  8.1
Armour         | 2 3 4 5 7 |  7.8
Translocations | 4 6 7 8 |  8.0
Spellcasting   | 3 5 |  5.2
Shields        | 5 6 |  6.0
Throwing       | |  0.8
Dodging        | |  1.3

Action                     |  1- 3 |  4- 6 |  7- 9 | 10-12 || total
---------------------------+-------+-------+-------+-------++-------
  Melee: Falchion          |   110 |   138 |       |    34 ||   282
         Tailslap          |    12 |    28 |    54 |    50 ||   144
         Punch             |       |     4 |     5 |     1 ||    10
         Dagger            |       |    66 |   255 |       ||   321
         Scimitar          |       |       |   101 |   268 ||   369
         Long sword        |       |       |       |    37 ||    37
  Throw: Boomerang         |       |     7 |     8 |     3 ||    18
         Dart              |       |       |    16 |    13 ||    29
         Javelin           |       |       |       |     1 ||     1
   Cast: Manifold Assault  |       |       |     5 |    28 ||    33
         Blink             |       |       |       |     2 ||     2
 Invoke: Curse Item        |       |       |       |     4 ||     4
         Shatter the Chain |       |       |       |     1 ||     1
  Evoke: Wand              |       |       |     4 |     8 ||    12
    Use: Scroll            |       |     6 |     7 |     3 ||    16
         Potion            |       |     1 |     9 |     5 ||    15
   Stab: Sleeping          |       |     1 |       |       ||     1
         Invisible         |       |       |     4 |       ||     4
 Armour: Leather armour    |    58 |    78 |       |       ||   136
         Ring mail         |       |     5 |   125 |       ||   130
         Acid dragon scale |       |       |    71 |   145 ||   216
         Skin              |       |       |       |     9 ||     9
  Dodge: Dodged            |    57 |    98 |   182 |   139 ||   476
  Block: Buckler           |       |       |       |    48 ||    48
